 Dungeon Crawl Stone Soup version 0.30-a0-1124-g6e8f0f562f (webtiles) character file.

Game seed: 17188149944639844317

509513 Kenran the Hand of Fortune (level 23, -15/194 HPs)
             Began as a Demonspawn Monk on Apr 23, 2023.
             Was the Champion of Nemelex Xobeh.
             Killed from afar by a black draconian knight (33 damage)
             ... with a bolt of lightning
             ... led by a green draconian monk
             ... on level 4 of the Depths.
             The game lasted 02:32:21 (55388 turns).

Kenran the Hand of Fortune (Demonspawn Monk)       Turns: 55388, Time: 02:32:21

Health: -15/194    AC: 20    Str: 18    XL:     23   Next: 90%
Magic:  0/44       EV: 23    Int:  6    God:    Nemelex Xobeh [******]
Gold:   5565       SH: 16    Dex: 21    Spells: 22/22 levels left

rFire   + +          +
                       - Unarmed
rCold   + + +        a - +2 shield of Resistance {rF++ rC++ Will++}
rNeg    + . .        T - +4 moon troll leather armour {Spirit, Regen++ MP+5}
rPois   +            Y - +2 helmet {SInv}
rElec   .            o - scarf {rC+ rF+}
rCorr   .            (gloves unavailable)
SInv    +            v - +0 pair of boots
Will    +++..        Q - amulet "Saxkui" {Faith Str-3 Dex+3 Slay+6}
Stlth   +++          k - ring of Wiutoem {rF+ rN+ AC+4 Int-5 Stlth+}
HPRegen 0.00/turn    d - ring of poison resistance
MPRegen 0.29/turn

%: random rage (3%), guardian spirit, faith
@: inhibited regen, studying 3 skills
A: claws 3, ignite blood 3, sturdy frame 3, demonic magic 3, bedeviling, berserk
1, inhibited regeneration, wild magic 1
}: 3/15 runes: decaying, serpentine, abyssal
a: Renounce Religion, Draw Escape, Draw Destruction, Draw Summoning, Triple
Draw, Deal Four, Stack Five


You were on level 4 of the Depths.
You worshipped Nemelex Xobeh.
Nemelex Xobeh was exalted by your worship.
You visited 9 branches of the dungeon, and saw 42 of its levels.
You visited the Abyss 2 times.
You also visited: Trove, Bailey and Volcano.

You collected 7795 gold pieces.
You spent 2230 gold pieces at shops.

Inventory:

Armour
 a - the +2 shield of Resistance (worn) {rF++ rC++ Will++}
   (You acquired it on level 3 of the Elven Halls)

   rF:        It greatly protects you from fire.
   rC:        It greatly protects you from cold.
   Will:      It greatly increases your willpower.
 o - a scarf of resistance (worn)
 v - a +0 pair of boots (worn)
 T - the +4 moon troll leather armour (worn) {Spirit, Regen++ MP+5}
   (You took it off a centaur warrior on level 10 of the Dungeon)

   MP:        It affects your magic capacity (+5).
   Regen:     It increases your rate of health regeneration.
 Y - a +2 helmet of see invisible (worn)
Jewellery
 b - a ring of willpower
 d - a ring of poison resistance (right claw)
 i - an amulet of the acrobat
 k - the ring of Wiutoem (left claw) {rF+ rN+ AC+4 Int-5 Stlth+}
   (You took it off a goblin on level 2 of the Dungeon)

   [ring of protection]

   AC:        It affects your AC (+4).
   Int:       It affects your intelligence (-5).
   rF:        It protects you from fire.
   rN:        It protects you from negative energy.
   Stlth:     It makes you more stealthy.
 y - a ring of resist corrosion
 O - a ring of see invisible
 Q - the amulet "Saxkui" (around neck) {Faith Str-3 Dex+3 Slay+6}
   (You bought it in a shop on level 8 of the Dungeon)

   [amulet of faith]

   It allows you to gain divine favour quickly.
   Str:       It affects your strength (-3).
   Dex:       It affects your dexterity (+3).
   Slay:      It affects your accuracy & damage with ranged weapons and melee
   (+6).
Wands
 p - a wand of flame (32)
 w - a wand of quicksilver (38)
 x - a wand of digging (18)
 B - a wand of iceblast (40)
 M - a wand of paralysis (41)
 S - a wand of polymorph (20)
 U - a wand of mindburst (19)
Scrolls
 e - 9 scrolls of vulnerability {!r}
 f - 10 scrolls of teleportation
 g - 8 scrolls of fog
 j - 2 scrolls of fear
 q - 15 scrolls of immolation {!r}
 u - 15 scrolls of magic mapping
 z - 12 scrolls of poison {!r}
 A - 10 scrolls of enchant armour
 I - 2 scrolls of silence
 N - 3 scrolls of torment {!r}
 X - 11 scrolls of blinking
Potions
 c - 4 potions of ambrosia
 h - 4 potions of attraction {!q}
 m - 7 potions of heal wounds {@q2}
 n - 4 potions of brilliance
 r - 6 potions of lignification {!q}
 s - 23 potions of curing {@q1}
 t - 6 potions of haste
 C - 3 potions of invisibility
 F - 3 potions of berserk rage {!q}
 G - 6 potions of might
 H - 3 potions of flight
 L - a potion of cancellation
 V - 3 potions of magic
 W - 5 potions of mutation {!q}


   Skills:
 + Level 19.3 Fighting
 - Level 3.3 Long Blades
 - Level 16.0 Armour
 - Level 15.0 Dodging
 - Level 14.0 Shields
 - Level 21.0 Unarmed Combat
 - Level 24.0 Invocations
 - Level 12.0 Evocations


You had 22 spell levels left.
You didn't know any spells.
Your spell library contained the following spells:

 Spells                   Type           Power      Damage    Failure   Level
 Necrotise                Necr           0%         1d4       71%         1
 Slow                     Hex            0%         N/A       71%         1
 Sting                    Tmut/Pois      0%         1d3       71%         1
 Summon Small Mammal      Summ           0%         N/A       71%         1
 Blink                    Tloc           0%         N/A       83%         2
 Call Imp                 Summ           0%         N/A       83%         2
 Cigotuvi's Dreadful Rot  Necr/Pois/Air  0%         N/A       83%         2
 Ensorcelled Hibernation  Hex/Ice        0%         N/A       83%         2
 Poisonous Vapours        Pois/Air       0%         N/A       83%         2
 Static Discharge         Conj/Air       0%         2-2/arc   83%         2
 Sublimation of Blood     Necr           0%         N/A       83%         2
 Wereblood                Tmut           0%         N/A       83%         2
 Confusing Touch          Hex            0%         N/A       96%         3
 Dazzling Flash           Conj/Hex       0%         N/A       96%         3
 Portal Projectile        Hex/Tloc       0%         N/A       96%         3
 Spider Form              Tmut/Pois      0%         N/A       96%         3
 Summon Guardian Golem    Hex/Summ       0%         N/A       96%         3
 Teleport Other           Tloc           0%         N/A       96%         3
 Tukima's Dance           Hex            0%         N/A       96%         3
 Vampiric Draining        Necr           0%         2d6       96%         3
 Vhi's Electric Charge    Tloc/Air       0%         N/A       96%         3
 Volatile Blastmotes      Fire/Tloc      0%         2d10      96%         3
 Airstrike                Air            0%         2d(0-16)  100%        4
 Anguish                  Hex/Necr       0%         N/A       100%        4
 Cause Fear               Hex            0%         N/A       100%        4
 Dispel Undead            Necr           0%         3d6       100%        4
 Fulminant Prism          Conj/Hex       0%         3d5       100%        4
 Iskenderun's Mystic Bla  Conj/Tloc      0%         2d3       100%        4
 Leda's Liquefaction      Hex/Erth       0%         N/A       100%        4
 Manifold Assault         Tloc           0%         N/A       100%        4
 Olgreb's Toxic Radiance  Pois           0%         N/A       100%        4
 Petrify                  Tmut/Erth      0%         N/A       100%        4
 Summon Lightning Spire   Summ/Air       0%         N/A       100%        4
 Agony                    Necr           0%         N/A       100%        5
 Arcjolt                  Conj/Air       0%         1d10      100%        5
 Blade Hands              Tmut           0%         N/A       100%        5
 Borgnjor's Vile Clutch   Necr/Erth      0%         N/A       100%        5
 Fireball                 Conj/Fire      0%         3d3       100%        5
 Silence                  Hex/Air        0%         N/A       100%        5
 Summon Forest            Summ/Tloc      0%         N/A       100%        5
 Summon Mana Viper        Hex/Summ       0%         N/A       100%        5
 Death Channel            Necr           0%         N/A       100%        6
 Plasma Beam              Fire/Air       0%         2x1d11    100%        6
 Simulacrum               Ice/Necr       0%         N/A       100%        6
 Starburst                Conj/Fire      0%         6d3       100%        6
 Summon Cactus Giant      Summ           0%         N/A       100%        6
 Enfeeble                 Hex            0%         N/A       100%        7
 Malign Gateway           Summ/Tloc      0%         N/A       100%        7
 Orb of Destruction       Conj           0%         9d5       100%        7
 Spellforged Servitor     Conj/Summ      0%         N/A       100%        7
 Storm Form               Tmut/Air       0%         N/A       100%        7
 Summon Hydra             Summ           0%         N/A       100%        7
 Discord                  Hex            0%         N/A       100%        8
 Ignition                 Fire           0%         3d3       100%        8
 Death's Door             Necr           0%         N/A       100%        9


Dungeon Overview and Level Annotations

Branches:
Dungeon (15/15)            Temple (0/1) D:5            Lair (5/5) D:8
  Swamp (4/4) Lair:2        Snake (4/4) Lair:3        Slime (0/5) Lair:5
    Orc (2/2) D:12            Elf (3/3) Orc:2        Vaults (4/5) D:14
  Crypt (0/3) Vaults:3     Depths (4/4) D:15            Zot (1/5) Depths:4
 Bailey (visited)         Volcano (visited)

Altars:
Cheibriados
Dithmenos
Fedhas
Gozag
Hepliaklqana
Kikubaaqudgha
Makhleb
Nemelex Xobeh
Qazlal
Ru
Sif Muna
Trog
Vehumet
Xom
Yredelemnul
Lugonu

Shops:
D:2 =   D:8 *([!=   D:13 [   Orc:2 :[(=   Elf:1 :=:   Snake:1 :?   Snake:2 !(
Depths:1 ::?=   Depths:2 ([*

Portals:
Hell: Depths:1 Depths:2 Depths:3 Depths:4
Abyss: Depths:2 Depths:3
Pandemonium: Depths:2
Ziggurat: Depths:1

Annotations:
D:9 exclusion: 2 downstairs
D:13 2 transporters, Mehofodo's ghost, journeyman MiFi
Lair:4 1 runed translucent door, Dutolum's ghost, journeyman AtFi
Swamp:2 Roxanne
Swamp:4 Lernaean hydra
Snake:1 5 transporters
Vaults:2 exclusion: downstairs
Depths:3 6 runed translucent doors, exclusion: door


Innate Abilities, Weirdness & Mutations

You have claws for hands.
Your demonic aura causes all spilled blood to erupt in flames.
Your movements are significantly less encumbered by armour. (ER -6)
Spells you cast and wands you use may paralyse nearby enemies.
Your hexes are more powerful.
You sometimes lose your temper in combat.
You do not regenerate when monsters are visible.
Your spells are a little harder to cast, but a little more powerful.


Message History

You block the red draconian's attack.
You mangle the green draconian monk!!
The green draconian monk is severely wounded.
The black draconian knight looks as sick as possible!
The black draconian knight points at you and mumbles some strange words.
The shard of ice hits you! You partially resist.
You mangle the green draconian monk!!
You kill the green draconian monk!
The black draconian knight looks as sick as possible!
The black draconian knight closely misses you.
The red draconian is engulfed in blazing flames.
The red draconian breathes fire at you. The searing blast hits you. You resist.
You eviscerate the red draconian!!!
The red draconian is almost dead.
The black draconian knight is engulfed in poison gas.
The black draconian knight looks as sick as possible!
You block the black draconian knight's attack.
The red draconian hits you but does no damage.
You barely miss the red draconian.
The red draconian is almost dead.
The black draconian knight is engulfed in poison gas.
The black draconian knight looks as sick as possible!
The black draconian knight completely misses you.
You scratch the red draconian.
You kill the red draconian!
The black draconian knight is engulfed in poison gas.
The black draconian knight looks as sick as possible!
The black draconian knight breathes lightning at you.
The bolt of lightning hits you!!
* * * LOW HITPOINT WARNING * * *
The bolt of lightning hits you!!!
* * * LOW HITPOINT WARNING * * *
Blink to where?
Press: ? - help, Dir - move target
As you read the scroll of blinking, it crumbles to dust.
The black draconian knight breathes lightning at you.
The bolt of lightning hits you!!!
You die...
Your body glows with a rainbow of weird colours and disappears.

....#...........°○..........###
.##...........§°q...°.........#
#####..........°°..○........#.#
#.8......#.○...#......8.#.#
#........##...##........#.#
#...8.)......○......8...#.#
#........○..............#.#
#.....8...........8.....#.#
#......)....@...........#.#
#.≈~~...8....[).8...~~~.#.#
#.~.~...............~.~.#.#
##~~~.....8.).8.....~~≈##.#
##...................###.#
##########[############.#
####....[....########...#
######<...([...............###
##.......[....[....##########


You could see a black draconian knight (fast, invisible, extremely poisoned,
catching breath).

Vanquished Creatures
  A dread lich (Abyss:3)
  An ancient lich (Vaults:4)
  2 juggernauts (Depths:4)
  Mara (Vaults:3)
  Sojobo (Vaults:3)
  Xtahua (Vaults:3)
  4 golden dragons
  A bone dragon (Abyss:3)
  Zenata (Vaults:2)
  An iron giant (Depths:3)
  A tentacled monstrosity (Depths:3)
  The ghost of Jounuxep the Imperceptible, an adept KoGl of Gozag (Depths:4)
  A titan (Depths:4)
  Asterion (Snake:3)
  3 liches (Abyss:3)
  3 deep elf blademasters
  2 deep elf master archers (Elf:3)
  A sphinx (shapeshifter) (Depths:3)
  4 sphinxes
  8 tentacled starspawn (Abyss:3)
  5 tengu reavers
  Kirke (Lair:3)
  A storm dragon (Depths:3)
  A thorn hunter (Swamp:3)
  A draconian monk (Depths:4)
  3 fire giants
  A shadow dragon (Depths:1)
  A draconian knight (Depths:4)
  An azure jelly (Depths:2)
  6 frost giants
  9 nagarajas
  Aizul (Snake:3)
  A frost giant (shapeshifter) (Vaults:3)
  A ghost moth (Swamp:2)
  3 deep elf sorcerers (Elf:3)
  2 ghouls (Swamp:3)
  2 caustic shrike zombies
  2 orc warlords
  13 vault wardens
  An iron dragon (Depths:1)
  Louise (Snake:2)
  4 draconian stormcallers (Depths:4)
  A balrug (Depths:3)
  A broodmother (Depths:3)
  27 very ugly things
  10 ironbound preservers
  3 deep elf elementalists (Elf:3)
  3 cacodemons
  17 stone giants
  2 vampire knights
  2 eleionomae
  6 ironbound thunderhulks
  2 purple draconians (Depths:4)
  7 deep elf demonologists
  A black draconian (Abyss:3)
  3 red draconians
  13 dire elephants (Vaults:2)
  2 deep elf annihilators
  2 minotaurs
  A bunyip (Vaults:4)
  A yellow draconian (Depths:4)
  7 spark wasps
  A blizzard demon (Abyss:3)
  10 ettins
  An eidolon (Abyss:3)
  3 deep elf death magi (Elf:3)
  A fire dragon (Depths:2)
  5 yaktaur captains
  2 deep elf high priests (Elf:3)
  A shambling mangrove (Swamp:2)
  5 great orbs of eyes
  2 entropy weavers (shapeshifter)
  7 vault guards
  Fannar (Lair:2)
  2 entropy weavers
  2 salamander tyrants (Snake:3)
  Erolcha (Orc:2)
  2 rakshasas
  8 ice dragons
  17 hydras
  2 hell beasts (Depths:1)
  16 centaur warriors
  10 ironbound frosthearts
  3 spriggan air magi
  A radroach (Swamp:4)
  4 catoblepae
  4 alligators
  8 anacondas
  6 boulder beetles
  A satyr (shapeshifter) (Vaults:3)
  An alligator snapping turtle (Depths:2)
  6 two-headed ogres
  24 dancing weapons
  4 deep troll shamans
  19 naga warriors
  5 death yaks
  7 spriggan berserkers
  6 tengu warriors
  2 orc high priests
  2 deep troll earth magi
  5 thrashing horrors (Abyss:3)
  8 shock serpents
  2 soul eaters
  6 hell knights
  9 naga sharpshooters
  Nergalle (Lair:1)
  3 sun demons
  6 wretched stars (Abyss:3)
  18 deep elf knights
  Amaemon (D:11)
  5 iron trolls
  A skeletal warrior (Volcano)
  A skyshark (D:12)
  A death drake (D:13)
  5 salamander mystics
  2 sixfirhies (Abyss:3)
  2 sea snakes (Snake:1)
  60 deep trolls
  5 goliath frogs
  5 spriggan druids
  A spatial maelstrom (Abyss:3)
  7 naga ritualists
  8 swamp dragons
  10 wizards
  5 bog bodies
  A flayed ghost (Depths:1)
  2 orange crystal statues (Abyss:3)
  4 glowing orange brains
  9 ironbound convokers
  6 deep elf archers
  3 lindwurms
  A mana viper (shapeshifter) (Depths:1)
  3 necromancers
  3 orc sorcerers
  9 orc knights
  An anaconda skeleton (Volcano)
  25 deep elf zephyrmancers
  35 ugly things
  11 mana vipers
  29 deep elf pyromancers
  A wolf spider (shapeshifter) (Depths:3)
  21 salamanders
  4 cyclopes
  5 manticores
  3 will-o-the-wisps
  A guardian serpent (shapeshifter) (D:14)
  Joseph (Lair:1)
  Maurice (Orc:2)
  8 elephants
  A rust devil (Abyss:3)
  A torpor snail (Vaults:1)
  A demonic crawler (Abyss:3)
  35 black mambas
  An eye of devastation (shapeshifter) (Vaults:2)
  5 guardian serpents
  18 naga magi
  A storm dragon simulacrum (Depths:2)
  5 smoke demons
  17 vault sentinels
  4 gargoyles
  An alligator snapping turtle zombie (Abyss:3)
  13 cane toads
  4 orange demons
  A rime drake (Lair:5)
  A kobold demonologist (D:13)
  An unseen horror (D:10)
  An unseen horror (shapeshifter) (D:10)
  A spark wasp simulacrum (Depths:2)
  2 efreet
  36 yaktaurs
  A freezing wraith (D:14)
  2 tengu conjurers
  2 komodo dragons
  9 trolls
  3 ancient zymes (Abyss:3)
  3 polar bears
  A queen bee (shapeshifter) (D:14)
  6 meliai
  11 tyrant leeches
  A wind drake (shapeshifter) (Abyss:3)
  A merfolk (Depths:2)
  4 hellwings
  19 hornets
  2 dream sheep
  9 raiju (Abyss:3)
  26 blink frogs
  A snapping turtle (Vaults:1)
  34 slime creatures
  2 jumping spiders (Vaults:4)
  A centaur simulacrum (D:15)
  2 shadows
  3 air elementals
  An ettin skeleton (Abyss:3)
  3 flying skulls (Volcano)
  3 vampires
  19 spriggans
  5 wyverns
  2 alligator skeletons (Volcano)
  2 fire elementals
  8 wraiths
  A human (Lair:3)
  2 basilisks
  9 large abominations (Abyss:3)
  A water elemental (Elf:3)
  A golden eye (D:5)
  5 fire bats (Abyss:3)
  3 steam dragons
  44 yaks
  A redback (Vaults:4)
  3 chaos spawn
  7 neqoxecs (Abyss:3)
  4 vampire mosquitoes (D:14)
  A spatial vortex (Abyss:3)
  17 swamp worms
  2 wargs
  54 nagas
  10 water moccasins
  30 orc warriors
  3 swamp drakes
  3 ice beasts
  4 black bears
  8 ogres
  An ogre (shapeshifter) (D:10)
  10 boggarts
  A sky beast (D:7)
  20 wolves
  12 centaurs
  A phantom (D:5)
  19 starcursed masses (Abyss:3)
  3 kobold brigands
  2 necrophages (Swamp:3)
  8 bullfrogs
  2 scorpions (D:5)
  10 earth elementals
  4 wights (D:7)
  12 killer bees
  2 spriggan skeletons
  A troll skeleton (Volcano)
  9 howler monkeys
  3 electric eels
  7 small abominations (Abyss:3)
  A jelly (D:7)
  16 orc priests
  4 hounds
  6 iguanas
  2 sleepcaps
  A gnoll bouda (D:8)
  17 orc wizards
  5 hell rats (Lair:2)
  8 gnolls
  14 adders
  6 shadow imps
  6 white imps
  6 ufetubi
  A worm (D:3)
  6 dart slugs
  90 orcs
  11 endoplasms
  A giant cockroach (D:2)
  5 goblins (D:2)
  7 hobgoblins
  2 jackals (D:2)
  22 kobolds
  6 quokkas
  6 ball pythons
  10 bats
  A frilled lizard (D:3)
  5 rats
  5 starspawn tentacles (Abyss:3)
1723 creatures vanquished.

Vanquished Creatures (collateral kills)
  A juggernaut (Depths:2)
  A caustic shrike (Orc:2)
  Vashnia (Snake:3)
  Jory (Vaults:2)
  Nikola (Snake:3)
  The ghost of MacCMillion the Wrestler, an adept TrFi of Okawaru (Elf:2)
  2 ironbound preservers
  2 very ugly things (Vaults:1)
  A boulder beetle (Vaults:1)
  An ironbound frostheart (Vaults:2)
  A radroach (Snake:2)
  2 centaur warriors (Vaults:2)
  An orc high priest (Orc:2)
  6 naga sharpshooters (Snake:3)
  2 shock serpents
  A skeletal warrior (Volcano)
  A deep troll (Vaults:1)
  5 salamanders
  2 black mambas
  A vault sentinel (Vaults:2)
  4 yaktaurs (Vaults:2)
  A merfolk (Vaults:1)
  A large abomination (Abyss:3)
  A naga (Snake:3)
  A small abomination (Abyss:3)
  A floating eye (shapeshifter) (Vaults:1)
  An orc warrior (Orc:2)
  An ogre (Orc:2)
  A howler monkey (Orc:2)
  An orc priest (Orc:2)
  3 orcs (Orc:2)
  A ball python (Orc:2)
  A bat (Orc:2)
  An endoplasm (Orc:2)
  A lurking horror (Abyss:3)
54 creatures vanquished.

Vanquished Creatures (others)
  A vault warden (Vaults:3)
  A naga sharpshooter (Snake:3)
  A large abomination (Abyss:3)
  2 bloated husks
  2 humans (Lair:3)
  3 fire bats (Abyss:3)
  2 nagas (Snake:3)
  A boggart (Vaults:1)
  A small abomination (Abyss:3)
  A quasit (Abyss:3)
  3 demonic plants (D:5)
  2 foxfires (Swamp:2)
  40 fungi
  A lurking horror (Abyss:3)
  60 plants
  20 starspawn tentacles (Abyss:3)
141 creatures vanquished.

Grand Total: 1918 creatures vanquished

Notes
Turn   | Place    | Note
-------+----------+-------------------------------------------
     0 | D:1      | Kenran the Demonspawn Monk began the quest for the Orb.
     0 | D:1      | Reached XP level 1. HP: 18/18 MP: 1/1
   201 | D:1      | Gained mutation: You have sharp fingernails. [demonic
                  | ancestry]
   201 | D:1      | Reached XP level 2. HP: 14/24 MP: 2/2
   496 | D:1      | Reached skill level 1 in Unarmed Combat
   673 | D:1      | Found a faded altar of an unknown god.
   796 | D:2      | Reached XP level 3. HP: 21/29 MP: 3/3
   954 | D:2      | Identified the ring of Wiutoem {rF+ rN+ AC+4 Int-5 Stlth+}
  1095 | D:2      | Gained mutation: Your movements are slightly less
                  | encumbered by armour. (ER -2) [demonic ancestry]
  1095 | D:2      | Reached XP level 4. HP: 20/35 MP: 4/4
  1283 | D:2      | Found a sparkling altar of Nemelex Xobeh.
  1300 | D:2      | Became a worshipper of Nemelex Xobeh the Trickster
  1300 | D:2      | Reached * piety under Nemelex Xobeh
  1300 | D:2      | Received a gift from Nemelex Xobeh
  1300 | D:2      | Reached ** piety under Nemelex Xobeh
  1384 | D:2      | Received a gift from Nemelex Xobeh
  1493 | D:2      | Found Nuofavur's Jewellery Emporium.
  1860 | D:3      | Found a snail-covered altar of Cheibriados.
  2065 | D:3      | Received a gift from Nemelex Xobeh
  2137 | D:3      | Noticed an ogre
  2183 | D:3      | Killed an ogre
  2184 | D:3      | Reached skill level 5 in Unarmed Combat
  2184 | D:3      | Gained mutation: Your demonic aura sometimes causes spilled
                  | blood to erupt in flames. [demonic ancestry]
  2184 | D:3      | Reached XP level 5. HP: 41/41 MP: 5/5
  2470 | D:3      | Noticed a shadow
  2472 | D:3      | Found a shadowy altar of Dithmenos.
  2473 | D:3      | Found a hazy altar of Hepliaklqana.
  2560 | D:3      | Found a shimmering blue altar of Sif Muna.
  2723 | D:4      | Reached *** piety under Nemelex Xobeh
  3047 | D:4      | Gained mutation: Spells you cast may paralyse adjacent
                  | enemies. [demonic ancestry]
  3047 | D:4      | Reached XP level 6. HP: 30/47 MP: 6/6
  3578 | D:5      | Entered Level 5 of the Dungeon
  3654 | D:5      | Received a gift from Nemelex Xobeh
  3884 | D:5      | Gained mutation: You have very sharp fingernails. [demonic
                  | ancestry]
  3884 | D:5      | Reached XP level 7. HP: 41/52 MP: 7/7
  4121 | D:5      | Reached skill level 10 in Unarmed Combat
  4121 | D:5      | Reached skill level 1 in Invocations
  4135 | D:5      | Reached skill level 2 in Invocations
  4146 | D:5      | Received a gift from Nemelex Xobeh
  4215 | D:5      | Noticed a shadow
  4231 | D:5      | Reached skill level 3 in Invocations
  4316 | D:5      | Reached skill level 4 in Invocations
  4316 | D:5      | Reached XP level 8. HP: 58/58 MP: 9/11
  4391 | D:5      | Reached skill level 5 in Invocations
  4408 | D:5      | Reached skill level 1 in Armour
  4562 | D:5      | Reached **** piety under Nemelex Xobeh
  4574 | D:5      | Found a staircase to the Ecumenical Temple.
  4755 | D:5      | Reached skill level 5 in Fighting
  4916 | D:5      | Found a sacrificial altar of Ru.
  5086 | D:6      | Gained mutation: Your demonic aura often causes spilled
                  | blood to erupt in flames. [demonic ancestry]
  5086 | D:6      | Reached XP level 9. HP: 66/68 MP: 12/12
  5143 | D:6      | Received a gift from Nemelex Xobeh
  5209 | D:6      | Found a shimmering altar of Xom.
  6048 | D:7      | Found a sparkling altar of Nemelex Xobeh.
  6048 | D:7      | Found an opulent altar of Gozag.
  6229 | D:7      | Found a basalt altar of Yredelemnul.
  6359 | D:7      | Reached ***** piety under Nemelex Xobeh
  6657 | D:8      | Found Niploysch's Armour Boutique.
  6713 | D:8      | Found a stormy altar of Qazlal.
  6720 | D:8      | Received a gift from Nemelex Xobeh
  6774 | D:8      | Reached skill level 5 in Dodging
  6805 | D:8      | Found a staircase to the Lair.
  6811 | D:8      | Found Goppum's Weapon Shop.
  6833 | D:8      | Found Oriebeoff's Distillery.
  6836 | D:8      | Bought a potion of curing for 33 gold pieces
  6883 | D:8      | Found a flagged portal.
  6897 | D:8      | Reached skill level 6 in Invocations
  7067 | D:8      | Reached XP level 10. HP: 76/76 MP: 14/14
  7138 | Bailey   | Entered a bailey
  7270 | D:8      | Received a gift from Nemelex Xobeh
  7336 | D:8      | Found Jihoni's Jewellery Emporium.
  7459 | D:8      | Found Jyim's General Store.
  7626 | D:8      | Paralysed by a hornet for 2 turns
  7630 | D:8      | Reached skill level 7 in Invocations
  7884 | D:9      | Found Gilac's Antique Armour Shoppe.
  7916 | D:9      | Received a gift from Nemelex Xobeh
  8479 | D:9      | Reached skill level 8 in Invocations
  8596 | D:9      | Reached skill level 1 in Evocations
  8688 | D:9      | Received a gift from Nemelex Xobeh
  8987 | D:9      | Found a sacrificial altar of Ru.
  9120 | D:10     | Entered Level 10 of the Dungeon
  9226 | D:10     | Noticed a boulder beetle
  9227 | D:10     | a boulder beetle changed into a slime creature
  9508 | D:10     | Found a blossoming altar of Fedhas.
  9539 | D:10     | Received a gift from Nemelex Xobeh
  9546 | D:10     | Reached skill level 9 in Invocations
  9555 | D:10     | Noticed a centaur warrior
  9555 | D:10     | Noticed a four-headed hydra
  9570 | D:10     | Noticed a gargoyle
  9572 | D:10     | Killed a gargoyle
  9573 | D:10     | Killed a centaur warrior
  9574 | D:10     | Reached skill level 10 in Invocations
  9722 | D:10     | Gained mutation: Your movements are less encumbered by
                  | armour. (ER -4) [demonic ancestry]
  9722 | D:10     | Reached XP level 11. HP: 86/86 MP: 18/18
  9823 | D:10     | Noticed a two-headed ogre
  9825 | D:10     | a two-headed ogre changed into a lindwurm
  9825 | D:10     | Noticed a lindwurm
  9827 | D:10     | Killed a lindwurm
  9969 | D:10     | Noticed a boulder beetle
  9986 | D:10     | Killed a boulder beetle
 10019 | D:10     | Noticed a broodmother
 10022 | D:10     | a broodmother changed into a shapeshifter
 10129 | D:10     | Got the Secrets of Topology and Last Rites
 10268 | D:10     | Killed a four-headed hydra
 10269 | D:10     | Reached skill level 10 in Fighting
 10336 | D:10     | Noticed a purple ugly thing
 10455 | Lair:1   | Entered Level 1 of the Lair of Beasts
 10520 | Lair:1   | Received a gift from Nemelex Xobeh
 10831 | Lair:1   | Noticed Joseph
 10841 | Lair:1   | Killed Joseph
 10948 | Lair:1   | Reached skill level 11 in Invocations
 10978 | Lair:1   | Received a gift from Nemelex Xobeh
 10992 | Lair:1   | Reached ****** piety under Nemelex Xobeh
 11058 | Lair:1   | Noticed Nergalle
 11275 | D:8      | Found a staircase to the Lair.
 11281 | D:8      | Found Goppum's Weapon Shop.
 11294 | Lair:1   | Killed Nergalle
 11720 | Lair:2   | Gained mutation: Spells you cast may paralyse nearby
                  | enemies. [demonic ancestry]
 11720 | Lair:2   | Reached XP level 12. HP: 77/97 MP: 14/20
 11902 | Lair:2   | Received a gift from Nemelex Xobeh
 11967 | Lair:2   | Noticed Fannar
 11986 | Lair:2   | Killed Fannar
 11987 | Lair:2   | Reached skill level 12 in Invocations
 12216 | Lair:2   | Noticed an eight-headed hydra
 12230 | Lair:2   | Killed an eight-headed hydra
 12231 | Lair:2   | Reached skill level 15 in Unarmed Combat
 12294 | Lair:2   | Reached skill level 5 in Armour
 12417 | Lair:2   | Received a gift from Nemelex Xobeh
 12758 | Lair:2   | Found a shadowy altar of Dithmenos.
 12925 | Lair:2   | Found a staircase to the Swamp.
 13221 | Lair:3   | Received a gift from Nemelex Xobeh
 13268 | Lair:3   | Found a dark tunnel.
 13297 | Volcano  | Entered a volcano
 13423 | Volcano  | Reached skill level 5 in Evocations
 14195 | D:8      | Found Jihoni's Jewellery Emporium.
 14202 | D:8      | Bought the amulet "Saxkui" {Faith Str-3 Dex+3 Slay+6} for
                  | 794 gold pieces
 14295 | D:8      | Found Niploysch's Armour Boutique.
 14330 | D:8      | Found a stormy altar of Qazlal.
 14442 | D:8      | Found Jyim's General Store.
 14666 | D:8      | Found Oriebeoff's Distillery.
 14852 | Lair:3   | Noticed Kirke
 14866 | Lair:3   | Killed Kirke
 14867 | Lair:3   | Reached XP level 13. HP: 96/106 MP: 22/22
 14890 | Lair:3   | Received a gift from Nemelex Xobeh
 15284 | Lair:3   | Found a staircase to the Snake Pit.
 15329 | Lair:3   | Received a gift from Nemelex Xobeh
 15676 | Lair:4   | Reached skill level 13 in Invocations
 15823 | Lair:4   | Received a gift from Nemelex Xobeh
 15955 | Lair:4   | Found a runed translucent door.
 15956 | Lair:4   | Noticed Dutolum's ghost (journeyman AtFi)
 16110 | Lair:4   | Received a gift from Nemelex Xobeh
 16543 | Lair:5   | Entered Level 5 of the Lair of Beasts
 16895 | Lair:5   | Reached skill level 14 in Invocations
 16979 | Lair:5   | Received a gift from Nemelex Xobeh
 17365 | Lair:5   | a death yak changed into a minotaur
 17365 | Lair:5   | Noticed a minotaur
 17367 | Lair:5   | Reached skill level 15 in Invocations
 17370 | Lair:4   | Killed a minotaur
 17687 | Lair:5   | Gained mutation: You have claws for hands. [demonic
                  | ancestry]
 17687 | Lair:5   | Reached XP level 14. HP: 93/115 MP: 25/25
 17835 | Lair:5   | Found a staircase to the Slime Pits.
 17856 | Lair:5   | Received a gift from Nemelex Xobeh
 18471 | Lair:5   | Got the Book of Exothermic Transmutation
 19019 | D:10     | Found a blossoming altar of Fedhas.
 19530 | D:11     | Received a gift from Nemelex Xobeh
 19812 | D:11     | Noticed Amaemon
 19817 | D:11     | Killed Amaemon
 20930 | D:12     | Found a staircase to the Orcish Mines.
 21168 | D:13     | Received a gift from Nemelex Xobeh
 21272 | D:13     | Reached skill level 10 in Armour
 21337 | D:13     | Found Ytaas's Armour Shop.
 21362 | D:13     | Noticed Mehofodo's ghost (journeyman MiFi)
 21370 | D:13     | Found a bloodstained altar of Trog.
 21377 | D:13     | Found a transporter.
 21377 | D:13     | Noticed Josephine
 21385 | D:13     | Josephine changed into Josephine the death drake
 21385 | D:13     | Noticed Josephine
 21388 | D:13     | Killed Josephine the death drake
 21440 | D:13     | Found a transporter.
 21448 | D:13     | Received a gift from Nemelex Xobeh
 21546 | D:13     | Received a gift from Nemelex Xobeh
 21928 | D:13     | Identified 2 scrolls of acquirement
 21929 | D:13     | Acquired a manual of Dodging
 21931 | D:13     | Acquired 847 gold pieces
 21968 | D:14     | Found a burning altar of Makhleb.
 22032 | D:14     | Received a gift from Nemelex Xobeh
 22712 | D:14     | Received a gift from Nemelex Xobeh
 22817 | D:14     | Found a gate to the Vaults.
 22965 | D:15     | Entered Level 15 of the Dungeon
 23223 | D:15     | Found a staircase to the Depths.
 23264 | D:15     | Received a gift from Nemelex Xobeh
 23276 | D:15     | Reached XP level 15. HP: 106/123 MP: 25/26
 23647 | D:15     | Received a gift from Nemelex Xobeh
 23780 | D:15     | Reached skill level 10 in Dodging
 23981 | D:15     | Received a gift from Nemelex Xobeh
 24310 | Orc:1    | Entered Level 1 of the Orcish Mines
 24324 | Orc:1    | Reached skill level 1 in Shields
 24413 | Orc:1    | Received a gift from Nemelex Xobeh
 24543 | Orc:2    | Entered Level 2 of the Orcish Mines
 24616 | Orc:2    | Found a staircase to the Elven Halls.
 24662 | Orc:2    | Received a gift from Nemelex Xobeh
 24728 | Orc:2    | Found Kiliv's Book Shoppe.
 25090 | Orc:2    | Received a gift from Nemelex Xobeh
 25119 | Orc:2    | Noticed Erolcha
 25131 | Orc:2    | Noticed Maurice
 25138 | Orc:2    | Killed Erolcha
 25140 | Orc:2    | Killed Maurice
 25224 | Orc:2    | Found Motsyell's Jewellery Emporium.
 25475 | Orc:2    | Noticed Saint Roka
 25480 | Orc:2    | Saint Roka changed into Saint Roka the caustic shrike
 25480 | Orc:2    | Noticed Saint Roka
 25802 | Orc:2    | Killed Saint Roka the caustic shrike
 25803 | Orc:2    | Reached skill level 5 in Shields
 25819 | Orc:2    | Found Inwail's Antique Armour Shoppe.
 25825 | Orc:2    | Found Tin Xiq's Antique Weapon Emporium.
 25857 | Orc:2    | Bought a bloodstained buckler for 256 gold pieces
 25857 | Orc:2    | Identified the +3 buckler "Cemunew" {rN++} (You bought it
                  | in a shop on level 2 of the Orcish Mines)
 26299 | Orc:2    | Bought a ring of poison resistance for 280 gold pieces
 26544 | Snake:1  | Entered Level 1 of the Snake Pit
 26721 | Snake:1  | Found a transporter.
 26832 | Snake:1  | Found a transporter.
 26833 | Snake:1  | Found a transporter.
 26906 | Snake:1  | Found Ottotz's Book Shoppe.
 26940 | Snake:1  | Found Enoduuw's Magic Scroll Shoppe.
 26951 | Snake:1  | Received a gift from Nemelex Xobeh
 27040 | Snake:1  | Bought a scroll of fog for 64 gold pieces
 27040 | Snake:1  | Bought a scroll of enchant armour for 120 gold pieces
 27040 | Snake:1  | Bought a scroll of teleportation for 48 gold pieces
 27252 | Snake:1  | Found a transporter.
 27370 | Snake:1  | Found a transporter.
 27375 | Snake:1  | Found a transporter.
 27610 | Snake:2  | Received a gift from Nemelex Xobeh
 27783 | Snake:2  | Noticed Louise
 27791 | Abyss:3  | Cast into level 3 of the Abyss (Louise)
 28016 | Abyss:3  | Noticed a lich
 28114 | Abyss:3  | Noticed a lich
 28118 | Abyss:3  | Killed a lich
 28138 | Abyss:3  | Gained mutation: Your movements are significantly less
                  | encumbered by armour. (ER -6) [demonic ancestry]
 28138 | Abyss:3  | Reached XP level 16. HP: 113/133 MP: 25/27
 28160 | Abyss:3  | Identified the +2 long sword of Opnalite {heavy, rElec rF+
                  | Str-2 Stlth+}
 28211 | Abyss:3  | Found a corrupted altar of Lugonu.
 28249 | Abyss:3  | Noticed a tentacled starspawn
 28255 | Abyss:3  | Killed a tentacled starspawn
 28274 | Snake:2  | Escaped the Abyss
 28282 | Snake:2  | Killed Louise
 28378 | Snake:2  | Found Poheb's Distillery.
 28379 | Snake:2  | Found Zoefush's Antique Weapon Shop.
 28431 | Snake:2  | Reached skill level 16 in Invocations
 28498 | Snake:2  | Received a gift from Nemelex Xobeh
 28661 | Snake:2  | Bought a potion of heal wounds for 85 gold pieces
 28661 | Snake:2  | Bought a potion of invisibility for 136 gold pieces
 28980 | Snake:3  | Noticed Aizul
 28984 | Snake:3  | Killed Aizul
 29067 | Snake:3  | Reached skill level 17 in Invocations
 29173 | Snake:3  | Received a gift from Nemelex Xobeh
 29347 | Snake:3  | Noticed Vashnia
 29425 | Snake:3  | Killed Vashnia
 29654 | Snake:3  | Identified the +5 long sword of Winter {venom, Fly rElec
                  | rPois Dex-3}
 29875 | Snake:3  | Noticed Asterion
 29878 | Snake:3  | Identified the +4 demon trident of Coesaot {freeze, rPois}
 29882 | Snake:3  | Killed Asterion
 29948 | Snake:3  | Received a gift from Nemelex Xobeh
 30029 | Snake:3  | Noticed Nikola
 30040 | Snake:3  | Killed Nikola
 30041 | Snake:3  | Reached XP level 17. HP: 85/139 MP: 16/29
 30676 | Swamp:1  | Entered Level 1 of the Swamp
 30994 | Swamp:1  | Received a gift from Nemelex Xobeh
 31580 | Swamp:2  | Received a gift from Nemelex Xobeh
 31596 | Swamp:2  | Noticed Donald
 31600 | Swamp:2  | Donald changed into something unseen
 31607 | Swamp:2  | Killed Donald the ghost moth
 31938 | Swamp:2  | Identified Roxanne's Tome of the Figure
 31938 | Swamp:2  | Noticed Roxanne
 32220 | Swamp:1  | Reached skill level 18 in Invocations
 32816 | Swamp:3  | Received a gift from Nemelex Xobeh
 32820 | Swamp:3  | Reached skill level 15 in Fighting
 33102 | Swamp:3  | Reached XP level 18. HP: 149/149 MP: 31/31
 33120 | Swamp:4  | Entered Level 4 of the Swamp
 33156 | Swamp:4  | Reached skill level 19 in Invocations
 33500 | Swamp:4  | Received a gift from Nemelex Xobeh
 33594 | Swamp:4  | Noticed the 27-headed Lernaean hydra
 33600 | Swamp:4  | Got a decaying rune of Zot
 33843 | Snake:4  | Entered Level 4 of the Snake Pit
 34271 | Snake:4  | Received a gift from Nemelex Xobeh
 35100 | Snake:4  | Reached XP level 19. HP: 155/155 MP: 32/32
 35154 | Snake:4  | Received a gift from Nemelex Xobeh
 35363 | Snake:4  | Reached skill level 20 in Invocations
 35871 | Snake:4  | Got a serpentine rune of Zot
 36324 | Vaults:1 | Entered Level 1 of the Vaults
 36484 | Vaults:1 | Received a gift from Nemelex Xobeh
 36639 | Vaults:1 | Received a gift from Nemelex Xobeh
 36687 | Vaults:1 | Identified the +1 trident of Fortitude {drain, *Rage rC+
                  | SInv}
 37013 | Vaults:1 | Received a gift from Nemelex Xobeh
 37143 | Vaults:1 | Paralysed by a sphinx for 2 turns
 37259 | Vaults:1 | Received a gift from Nemelex Xobeh
 37724 | Vaults:2 | Noticed Jory
 38245 | Vaults:2 | Reached skill level 10 in Evocations
 38323 | Vaults:2 | Received a gift from Nemelex Xobeh
 38401 | Vaults:2 | Paralysed by a great orb of eyes for 4 turns
 38538 | Vaults:2 | Gained mutation: Your demonic aura causes all spilled blood
                  | to erupt in flames. [demonic ancestry]
 38538 | Vaults:2 | Reached XP level 20. HP: 156/168 MP: 22/34
 38823 | Vaults:2 | Received a gift from Nemelex Xobeh
 39385 | Vaults:2 | Noticed Zenata
 39399 | Vaults:2 | Killed Zenata
 39601 | Vaults:2 | Received a gift from Nemelex Xobeh
 39620 | Vaults:2 | Killed Jory
 39941 | Vaults:3 | Found an ancient bone altar of Kikubaaqudgha.
 39943 | Vaults:3 | Found a staircase to the Crypt.
 39944 | Vaults:3 | Found a basalt altar of Yredelemnul.
 40073 | Vaults:3 | Reached skill level 21 in Invocations
 40077 | Vaults:3 | Noticed Mara
 40225 | Vaults:3 | Noticed Kenran's illusion
 40228 | Vaults:3 | Identified the +1 long sword "Edghy" {distort, Fly Will-
                  | Str+3 Dex+5}
 40251 | Vaults:3 | Killed Mara
 40321 | Vaults:3 | Noticed Sojobo
 40333 | Vaults:3 | Killed Sojobo
 40359 | Vaults:3 | Reached skill level 22 in Invocations
 40691 | Vaults:3 | Received a gift from Nemelex Xobeh
 41104 | Vaults:3 | Received a gift from Nemelex Xobeh
 41218 | Vaults:3 | Noticed Xtahua
 41228 | Vaults:3 | Paralysed by Xtahua for 3 turns
 41242 | Vaults:3 | Killed Xtahua
 41564 | Vaults:4 | Received a gift from Nemelex Xobeh
 41569 | Vaults:4 | Noticed an ancient lich
 41886 | Vaults:4 | Reached XP level 21. HP: 177/177 MP: 36/36
 41956 | Vaults:4 | Received a gift from Nemelex Xobeh
 42133 | Vaults:4 | Received a gift from Nemelex Xobeh
 42449 | Vaults:4 | Killed an ancient lich
 42728 | Vaults:4 | Received a gift from Nemelex Xobeh
 43024 | Vaults:4 | Received a gift from Nemelex Xobeh
 43404 | Depths:1 | Entered Level 1 of the Depths
 43576 | Depths:1 | Reached skill level 10 in Shields
 43733 | Depths:1 | Found a gateway to Hell.
 43833 | Depths:1 | Found a one-way gateway to a ziggurat.
 43866 | Depths:1 | Identified the staff of fire "Xaddacw" {rElec rF+ rN+ SInv}
 43880 | Depths:1 | Identified the staff of poison "Plog" {rPois rCorr}
 43881 | Depths:1 | Identified the +11 great mace "Tickioz" {spect, Str+6}
 44006 | Depths:1 | Found Luerr's Magic Scroll Boutique.
 44010 | Depths:1 | Found Ogri's Jewellery Boutique.
 44010 | Depths:1 | Found Qidoas's Book Boutique.
 44011 | Depths:1 | Found Hofock's Book Boutique.
 44013 | Depths:1 | Received a gift from Nemelex Xobeh
 44040 | Depths:1 | Bought a scroll of enchant armour for 157 gold pieces
 44040 | Depths:1 | Bought a scroll of blinking for 157 gold pieces
 44319 | Depths:1 | Reached skill level 15 in Dodging
 44629 | Depths:2 | Noticed a juggernaut
 44659 | Depths:2 | Found a one-way gate leading to the halls of Pandemonium.
 44762 | Depths:2 | Found a corrupted altar of Lugonu.
 44765 | Depths:2 | Found a one-way gate to the infinite horrors of the Abyss.
 44777 | Depths:2 | Received a gift from Nemelex Xobeh
 44785 | Depths:2 | Found Gozag's Antique Armour Shoppe.
 44922 | Depths:2 | Found Gozag's Antique Weapon Shoppe.
 44922 | Depths:2 | Found an opulent altar of Gozag.
 44922 | Depths:2 | Noticed a golden dragon
 44923 | Depths:2 | Found Gozag's Assorted Antiques.
 44962 | Depths:2 | Killed a golden dragon
 45022 | Depths:2 | Killed a juggernaut
 45200 | Depths:2 | Bought a scroll labelled YDARUIT OMULL for 100 gold pieces
 45414 | Depths:2 | Gained mutation: Spells you cast and wands you use may
                  | paralyse nearby enemies. [demonic ancestry]
 45414 | Depths:2 | Reached XP level 22. HP: 187/187 MP: 37/37
 45470 | Depths:2 | Received a gift from Nemelex Xobeh
 46388 | Depths:3 | Found a radiant altar of Vehumet.
 46388 | Depths:3 | Received a gift from Nemelex Xobeh
 46389 | Depths:3 | Noticed a golden dragon
 46406 | Depths:3 | Killed a golden dragon
 47064 | Depths:3 | Identified the +4 mace of the Gloaming {spect, rCorr Str+3
                  | Dex+6}
 47065 | Depths:3 | Noticed a caustic shrike
 47066 | Depths:3 | Found a runed translucent gate.
 47066 | Depths:3 | Found a runed translucent gate.
 47066 | Depths:3 | Found a runed translucent gate.
 47066 | Depths:3 | Found a runed translucent gate.
 47067 | Depths:3 | Found a runed translucent gate.
 47067 | Depths:3 | Found a runed translucent gate.
 47443 | Depths:4 | Entered Level 4 of the Depths
 47444 | Depths:4 | Received a gift from Nemelex Xobeh
 47455 | Depths:4 | Noticed a juggernaut
 47473 | Depths:4 | Killed a juggernaut
 47547 | Depths:4 | Noticed a golden dragon
 47579 | Depths:3 | Killed a golden dragon
 48087 | Depths:4 | Found a large runed translucent door.
 48087 | Depths:4 | Found a large runed translucent door.
 48087 | Depths:4 | Noticed Jounuxep's ghost (adept KoGl)
 48135 | Depths:4 | Noticed a juggernaut
 48144 | Depths:4 | Killed a juggernaut
 48176 | Depths:4 | Noticed a golden dragon
 48367 | Depths:4 | Found a gate to the Realm of Zot.
 48378 | Depths:4 | Killed a golden dragon
 48423 | Depths:4 | Reached skill level 23 in Invocations
 49035 | Depths:4 | Killed Jounuxep's ghost
 49038 | Depths:4 | Identified the +0 chain mail "Vewicam" {rN+ Int+3}
 49277 | Elf:1    | Entered Level 1 of the Elven Halls
 49277 | Elf:1    | Received a gift from Nemelex Xobeh
 49486 | Abyss:3  | Cast into level 3 of the Abyss (a deep elf demonologist)
 49510 | Abyss:3  | Paralysed by accursed screaming for 1 turns
 49511 | Abyss:3  | Reached skill level 24 in Invocations
 49515 | Abyss:3  | Paralysed by accursed screaming for 1 turns
 49816 | Abyss:3  | Received a gift from Nemelex Xobeh
 49870 | Abyss:3  | Gained mutation: You are frail. (-10% HP) [a neqoxec]
 49907 | Abyss:3  | Gained mutation: Your hexes are more powerful. [demonic
                  | ancestry]
 49907 | Abyss:3  | Reached XP level 23. HP: 151/174 MP: 28/39
 50044 | Abyss:3  | Noticed a dread lich
 50050 | Abyss:3  | Paralysed by a dread lich for 2 turns
 50072 | Abyss:3  | Killed a dread lich
 50153 | Abyss:3  | Received a gift from Nemelex Xobeh
 50169 | Abyss:3  | Gained mutation: You have sharp toenails. [a neqoxec]
 50282 | Abyss:3  | Lost intelligence.
 50297 | Abyss:3  | Got an abyssal rune of Zot
 50299 | Abyss:3  | Lost mutation: You have sharp toenails. [potion of
                  | mutation]
 50299 | Abyss:3  | Lost mutation: You are extremely frail. (-30% HP) [potion
                  | of mutation]
 50299 | Abyss:3  | Gained mutation: Your spells are a little harder to cast,
                  | but a little more powerful. [potion of mutation]
 50299 | Abyss:3  | Gained mutation: You sometimes lose your temper in combat.
                  | [potion of mutation]
 50418 | Elf:1    | Escaped the Abyss
 50423 | Elf:1    | Found Lotod's Jewellery Emporium.
 50423 | Elf:1    | Found Zeho's Book Boutique.
 50423 | Elf:1    | Found Ovesk's Book Boutique.
 50593 | Elf:1    | Got Befrosae's Grimoire of Rallying
 51301 | Elf:2    | Found a runed translucent gate.
 51302 | Elf:2    | Found a runed translucent gate.
 51302 | Elf:2    | Found a runed translucent gate.
 51357 | Elf:2    | Found a large runed translucent door.
 51358 | Elf:2    | Found a large runed translucent door.
 51365 | Elf:2    | Noticed MacCMillion's ghost (adept TrFi)
 51691 | Elf:2    | Received a gift from Nemelex Xobeh
 51761 | Elf:2    | Found an ancient bone altar of Kikubaaqudgha.
 51773 | Elf:2    | Paralysed by an air elemental for 1 turns
 52037 | Elf:2    | Killed MacCMillion's ghost
 52532 | Elf:2    | Reached skill level 15 in Armour
 52583 | Elf:3    | Entered Level 3 of the Elven Halls
 52777 | Elf:3    | Received a gift from Nemelex Xobeh
 52996 | Elf:3    | Found a portal to a secret trove of treasure.
 53503 | Elf:3    | Gained mutation: You do not regenerate when monsters are
                  | visible. [a cacodemon]
 53824 | Elf:3    | Identified the +4 morningstar "Keitit" {heavy, rElec MP+9
                  | Dex+3 Stlth-}
 53909 | Elf:3    | Identified the +7 hand axe of the Lonely Blessings {vamp,
                  | rPois Int-2 Dex+2}
 53989 | Elf:3    | Identified the +15 plate armour of Honesty {rElec rC-
                  | Will++ Int+2}
 53989 | Elf:3    | Identified the ring of Wuopt {Dex+6 SInv}
 54174 | Elf:3    | Identified the staff of air "Dulaowoq" {rElec Str+6 Dex+3}
 54185 | Elf:3    | Identified the +0 pair of gloves of Pejushim {-Tele rPois
                  | Int+7 Slay-6}
 54245 | Elf:3    | Acquired the +2 shield of Resistance {rF++ rC++ Will++}
 54245 | Elf:3    | Found the +2 shield of Resistance {rF++ rC++ Will++}
 54343 | Elf:2    | Found an ancient bone altar of Kikubaaqudgha.
 54956 | Elf:3    | You paid a toll of a +5 demon whip to enter a treasure
                  | trove
 54957 | Trove    | Entered a treasure trove
 54984 | Trove    | Received a gift from Nemelex Xobeh
 54995 | Trove    | Got Madoacux's Anthology of Nightshade and Anathema
 55373 | Zot:1    | Entered Level 1 of the Realm of Zot
 55388 | Depths:4 | Killed from afar by a black draconian knight

Illustrated notes

Levels and vault maps discovered:
D:1:      denvon_arrival_planthouse, layout_rooms,
          shapermc_ecumenical_altar_mp_vishouse
D:2:      layout_loops_ring, serial_shops, shop, basic_altar,
          minmay_pentomino_u2
D:3:      layout_rooms, riverfiend_overflow_shadow_ancestor, old_standard_altar,
          lemuel_tele_altar, roderic_batcave, minmay_misc_feat_chi, minmay_puff
D:4:      layout_basic, grunt_decor_junction
D:5:      layout_basic, minmay_temple_entry_junction_2, serial_demonic,
          serial_demonic_e, serial_demonic_b, serial_demonic_f,
          serial_demonic_d, minmay_misc_feat_plants, minmay_ruined_shrine
D:6:      layout_loops_ring, amcnicky_altar_gilded, minmay_crystal_room,
          amcnicky_mini_rare_corridor_liquid
D:7:      layout_loops_cross, grunt_temple_overflow_opulence,
          yredelemnul_altar_generic, gammafunk_temple_overflow_pools,
          hellmonk_bongcloud_opening, grunt_decor_resistance
D:8:      layout_loops_ring, mainiacjoe_overflow_catwalk, lair_entry_dummy,
          serial_shops, shop, nicolae_shop_tiny_statue_garden,
          nicolae_diamond_shop, nicolae_shop_tiny_real_fake_doors,
          enter_bailey_8, kennysheep_windowed_goal
D:9:      layout_stronghold, nicolae_ru_path_of_blood, serial_shops, shop,
          chequers_arboretum
D:10:     minmay_the_grid_octo_tiled_squarecenter
          [minmay_the_grid_octo_checkerflower, minmay_the_grid_octo_empty,
          minmay_the_grid_octo_horde, minmay_the_grid_octo_empty,
          minmay_the_grid_square_5x5_megaprize_open,
          minmay_the_grid_square_5x5_minivault,
          minmay_the_grid_square_5x5_bracketed,
          minmay_the_grid_square_5x5_two_walls_a,
          minmay_the_grid_square_5x5_two_walls_b], layout_cave_pools,
          fedhas_altar_3, hangedman_decor_peaks_small, hangedman_decor_riveting,
          nzn_sisyphean_effort
D:11:     layout_basic, mrwooster_statue_mirror, minmay_stone_trees_large,
          uniq_amaemon
D:12:     layout_loops_ring, orc_0_dummy, kennysheep_generic_room_11
D:13:     nicolae_BIG_FREAKIN_CUBE, layout_long_grid,
          gammafunk_ghost_wrathful_warriors, serial_shops, shop, uniq_josephine
D:14:     layout_loops_ring, david_vaults_1, bloody_makhleb
D:15:     hangedman_depths_entry_civil_slaughter, layout_grid_maze
Lair:1:   layout_cave_pods, grunt_megastairs_3, uniq_joseph, uniq_nergalle
Lair:2:   layout_cave_pods, minmay_swamp_entry_worms, basic_altar,
          serial_bayou_pond_d, serial_bayou_lake_a, serial_bayou_shore_b,
          uniq_fannar
Lair:3:   layout_loops_ring, dummy_snake_entry, nicolae_volcano_entry_lava_flow,
          small_statue_intersection, uniq_kirke
Lair:4:   layout_cave_pods, ebering_ghost_reflecting_pool,
          infiniplex_staircase_pool
Lair:5:   grunt_lair_end_beastmaster, layout_loops_ring, slime_entry_1
Swamp:1:  nicolae_swamp_secret_spriggan_hideout, layout_basic_swamp,
          hangedman_swamp_cone
Swamp:2:  layout_falls_marsh, nicolae_swamp_godswood, uniq_donald, uniq_roxanne
Swamp:3:  layout_basic_swamp, serial_swamp_ruin, evilmike_swamp_ruin_house_2,
          evilmike_swamp_ruin_house_1
Swamp:4:  swamp, layout_basic_swamp
Snake:1:  layout_onion, nicolae_wooded_promenade, serial_nicolae_subway,
          nicolae_sub_station_stone, nicolae_sub_station_metal,
          nicolae_sub_station_crystal, grunt_megastairs_4, serial_bayou_shore_a
Snake:2:  layout_rooms, serial_shops, shop, shop, lemuel_fruit_tree, uniq_louise
Snake:3:  layout_layer_cave, uniq_vashnia, uniq_aizul, uniq_nikola,
          uniq_asterion
Snake:4:  minmay_snake_end_coiled, layout_cave_town, grunt_megastairs_5
Orc:1:    layout_caves
Orc:2:    grunt_orc_community_town_hall, layout_caves,
          grunt_orc_community_big_house_1, grunt_orc_community_big_house_1,
          grunt_orc_community_house_3, grunt_orc_community_house_3,
          grunt_orc_community_house_3, grunt_orc_community_house_2,
          uniq_saint_roka, uniq_maurice, uniq_erolcha
Elf:1:    layout_loops_ring, minmay_elf_demonology, minmay_shop_grove
Elf:2:    elven_hall_of_blades_hangedman_original
          [nicolae_blade_entry_area_security], layout_gridlike,
          ebering_ghost_disaster_area, basic_altar, roderic_roman_lattice,
          guppyfry_elf_garden, lemuel_upstairs_altar
Elf:3:    elf_hall, layout_gridlike, nicolae_trove_entry_diagonal, minivault_14
Vaults:1: v_misc_16, hangedman_vaults_stagger, v_misc_28, hangedman_vaults_hat,
          ontoclasm_vaults_gateway, ontoclasm_vaults_tryst,
          hangedman_vaults_slice, ontoclasm_vaults_chip,
          ontoclasm_vaults_loading_screen, nicolae_vaults_ring_of_whatevers,
          vaults_room_fours, layout_vaults_chaotic_city
Vaults:2: ontoclasm_vaults_ring_small, vaults_room_boxed,
          nicolae_vaults_stairing_the_circle, nicolae_vaults_ninety_degrees,
          ontoclasm_vaults_ring_small, nicolae_vaults_three_branches,
          hangedman_vaults_locks, v_pattern_3, vaults_dpeg_hooks,
          hangedman_vaults_stretched_pinwheel, vaults_room_stairs_pillars,
          hangedman_vaults_impose, layout_vaults_ring, uniq_jory, uniq_zenata
Vaults:3: nicolae_vaults_octagons, nicolae_vaults_puzzle_piece,
          nicolae_vaults_hallways_thing, grunt_vaults_funnel,
          hangedman_vaults_slither, grunt_vaults_hallway_long, v_misc_25,
          vaults_room_door_hall, ontoclasm_vaults_idyll,
          minmay_crypt_entry_necro_gods, hangedman_vaults_corner,
          nicolae_vaults_gold_heap, ontoclasm_vaults_chip, layout_vaults_maze,
          uniq_mara, uniq_sojobo, uniq_xtahua
Vaults:4: vaults_room_grid, vaults_room_glass_cross,
          nicolae_vaults_little_squares_2, vaults_mumra_minichess_inversion,
          vaults_mumra_hex, hangedman_vaults_restitches, serial_ice_g,
          nicolae_vaults_rhombus_6, nicolae_vaults_rhombus_6,
          layout_vaults_omnigrid
Depths:1: minmay_shrinking_squares, layout_gridville, enter_ziggurat_f,
          grunt_mini_vestibule, minmay_shop_grid_forest,
          hangedman_cracks_in_the_wall, roderic_lattice_octagonal_star,
          serial_bayou_shore_b
Depths:2: kennysheep_gozag_temple, layout_basic, hell_entry,
          abyss_entry_flame_altar, rand_demon_pan_entry_3
Depths:3: kennysheep_treasure_stockpile, layout_gridlike,
          nicolae_vehumet_altar_sigil, abyss_entry_crystal, hellmouth_1,
          infiniplex_staircase_pool_2
Depths:4: evilmike_zot_entry_argh, layout_cave_shapes,
          ebering_ghost_disaster_area, hangedman_geh_valley,
          kennysheep_four_rooms
Zot:1:    grunt_zot_stairs_mandelzot, layout_cathedral_of_symmetry,
          grunt_ministairs_10, nicolae_lava_and_water

Skill      XL: |  1  2  3  4  5  6  7  8  9 10 11 12 13 14 15 16 17 18 19 20 21 22 23 |
---------------+----------------------------------------------------------------------+-----
Long Blades    | 3 |  3.3
Unarmed Combat | 1 2 5 6 8 10 11 13 14 15 16 17 18 19 20 21 | 21.0
Invocations    | 4 5 6 10 11 12 15 17 18 19 20 22 24 | 24.0
Fighting       | 5 6 8 10 11 12 13 14 15 17 18 19 | 19.3
Armour         | 2 4 8 10 12 14 16 | 16.0
Dodging        | 3 5 8 11 12 14 15 | 15.0
Evocations     | 2 4 5 6 10 11 12 | 12.0
Shields        | 6 7 8 10 12 14 | 14.0

Action                     |  1- 3 |  4- 6 |  7- 9 | 10-12 | 13-15 | 16-18 | 19-21 | 22-24 || total
---------------------------+-------+-------+-------+-------+-------+-------+-------+-------++-------
  Melee: Falchion          |    78 |     7 |       |       |       |       |       |       ||    85
         Unarmed           |       |   197 |   205 |   381 |   856 |   784 |  1330 |  1230 ||  4983
 Invoke: Draw Destruction  |       |     4 |     8 |    41 |    36 |    38 |    61 |    38 ||   226
         Draw Escape       |       |       |       |     2 |       |     1 |     2 |     3 ||     8
         Draw Summoning    |       |       |       |     4 |     7 |    15 |    24 |     5 ||    55
         Deal Four         |       |       |       |     2 |     1 |       |     1 |       ||     4
         Triple Draw       |       |       |       |       |       |       |     1 |       ||     1
  Evoke: Wand              |       |       |       |     3 |     2 |    18 |       |       ||    23
    Use: Scroll            |       |     7 |     2 |     5 |     7 |    10 |     5 |     4 ||    40
         Potion            |       |       |       |     2 |     1 |     3 |     4 |     5 ||    15
   Stab: Sleeping          |       |     2 |     1 |       |     4 |     6 |    10 |     7 ||    30
         Distracted        |       |     1 |       |       |     3 |     4 |     4 |     5 ||    17
         Confused          |       |       |       |       |       |       |     3 |       ||     3
 Armour: Robe              |    13 |     1 |       |       |       |       |       |       ||    14
         Leather armour    |       |    31 |       |       |       |       |       |       ||    31
         Ring mail         |       |    30 |    60 |    68 |       |       |       |       ||   158
         Scale mail        |       |       |       |    81 |   106 |       |       |       ||   187
         Troll leather arm |       |       |       |       |   163 |   222 |   280 |   271 ||   936
  Dodge: Dodged            |    46 |   105 |    84 |   245 |   494 |   500 |   681 |   772 ||  2927
  Block: Kite shield       |       |       |       |       |   167 |   490 |   669 |   721 ||  2047

Table legend: (Time is in decaauts)
 A = Elapsed time spent in this place.
 B = Non-inter-level travel time spent in this place.
 C = Inter-level travel time spent in this place.
 D = Time resting spent in this place.
 E = Time spent auto-exploring this place.
 F = Levels seen in this place.
 G = Mean time per level.
                   A        B        C        D        E       F      G
               +--------+--------+--------+--------+--------+-----+--------+
         Total |  55174 |  50185 |   4989 |   9195 |  27148 |  47 | 1173.9 |
       Dungeon |  17830 |  15857 |   1973 |   2590 |  10293 |  15 | 1188.7 |
          Lair |   6866 |   6208 |    658 |   1703 |   3472 |   5 | 1373.2 |
         Swamp |   3024 |   2849 |    175 |    391 |   1463 |   4 |  756.0 |
     Snake Pit |   5812 |   5269 |    543 |    771 |   2590 |   4 | 1453.0 |
  Orcish Mines |   1983 |   1716 |    267 |    368 |    816 |   2 |  991.5 |
   Elven Halls |   4872 |   4386 |    486 |    803 |   2045 |   3 | 1624.0 |
        Vaults |   6856 |   6395 |    461 |    838 |   3605 |   4 | 1714.0 |
        Depths |   5725 |   5303 |    422 |   1106 |   2645 |   4 | 1431.2 |
           Zot |      1 |      1 |      0 |      0 |      0 |   1 |    1.0 |
         Abyss |   1363 |   1363 |      0 |    321 |     49 |   2 |  681.5 |
         Trove |     82 |     82 |      0 |      0 |      0 |   1 |   82.0 |
        Bailey |     17 |     17 |      0 |      0 |      0 |   1 |   17.0 |
       Volcano |    737 |    737 |      0 |    302 |    167 |   1 |  737.0 |
               +--------+--------+--------+--------+--------+-----+--------+

Top non-repeatable levels by time:
     D:8: 2200 daAuts
Vaults:2: 1978 daAuts
 Snake:4: 1969 daAuts
   Elf:3: 1927 daAuts
Depths:3: 1859 daAuts
    D:10: 1819 daAuts
 Snake:3: 1733 daAuts
Vaults:1: 1717 daAuts
  Lair:2: 1709 daAuts
  Lair:4: 1692 daAuts
   Orc:2: 1639 daAuts
Vaults:3: 1587 daAuts
Vaults:4: 1572 daAuts
   Elf:2: 1560 daAuts
     D:9: 1420 daAuts
